 Dungeon Crawl Stone Soup version 0.26-a0-597-gb535b0901c (webtiles) character file.

Game seed: 17403779627018478089

49 Apogee the Stinger (level 3, 7/25 HPs)
             Began as a Gnoll Venom Mage on Sept 16, 2020.
             Quit the game on level 2 of the Dungeon.
             The game lasted 00:02:06 (1256 turns).

Apogee the Stinger (Gnoll Venom Mage)               Turns: 1256, Time: 00:02:06

Health: 7/25       AC:  2    Str: 10    XL:     3   Next: 77%
Magic:  2/9        EV: 15    Int: 20    God:
Gold:   60         SH:  0    Dex: 17    Spells: 11/12 levels left

rFire    + . .     SeeInvis .   d - +0 dagger
rCold    . . .     Faith    .   (no shield)
rNeg     . . .     Spirit   .   a - +0 robe
rPois    .         Reflect  .   (no helmet)
rElec    .         Harm     .   (no cloak)
rCorr    .                      (no gloves)
MR       .....                  (no boots)
Stlth    +++.......             (no amulet)
HPRegen  0.08/turn              (no ring)
MPRegen  0.11/turn              (no ring)

@: brilliant, lethally poisoned (7 -> -1)
A: distributed training, fangs 1, agile 1, clever 1, fire resistance 1,
inhibited regeneration, strong nose
a: no special abilities


You were on level 2 of the Dungeon.
You visited 1 branch of the dungeon, and saw 2 of its levels.

You collected 60 gold pieces.

Inventory:

Hand Weapons
 d - a +0 dagger (weapon)
   (You took it off a kobold on level 1 of the Dungeon)
Missiles
 l - 18 stones (quivered)
Armour
 a - a +0 robe (worn)
Jewellery
 c - a +4 ring of evasion {unknown}
   (You found it on level 1 of the Dungeon)
 j - an uncursed ring of magical power {unknown}
   (You found it on level 2 of the Dungeon)
Scrolls
 b - 2 scrolls of amnesia {unknown}
 e - a scroll of remove curse {unknown}
 f - a scroll of identify {unknown}
 g - a scroll of teleportation {unknown}
 k - a scroll of noise {unknown}


   Skills:
 + Level 0.9 Fighting
 + Level 0.9 Short Blades
 + Level 0.9 Long Blades
 + Level 0.9 Axes
 + Level 0.9 Maces & Flails
 + Level 0.9 Polearms
 + Level 0.9 Staves
 + Level 0.9 Slings
 + Level 0.9 Bows
 + Level 0.9 Crossbows
 + Level 0.9 Throwing
 + Level 0.9 Armour
 + Level 4.5 Dodging
 + Level 4.2 Stealth
 + Level 0.9 Shields
 + Level 0.9 Unarmed Combat
 + Level 5.0 Spellcasting
 + Level 0.6 Conjurations
 + Level 0.6 Hexes
 + Level 0.6 Summonings
 + Level 0.6 Necromancy
 + Level 0.6 Translocations
 + Level 2.1 Transmutations
 + Level 0.6 Fire Magic
 + Level 0.6 Ice Magic
 + Level 0.6 Air Magic
 + Level 0.6 Earth Magic
 + Level 5.4 Poison Magic
 + Level 1.0 Invocations
 + Level 0.9 Evocations


You had 11 spell levels left.
You knew the following spells:

 Your Spells              Type           Power        Failure   Level
a - Sting                 Tmut/Pois      ####         2%          1

Your spell library contained the following spells:

 Spells                   Type           Power        Failure   Level
 Poisonous Vapours        Pois/Air       ####..       4%          2
 Ignite Poison            Fire/Tmut/Pois ###.....     11%         3
 Olgreb's Toxic Radiance  Pois           #####...     12%         4
 Mephitic Cloud           Conj/Pois/Air  ###.....     14%         3


Dungeon Overview and Level Annotations

Branches:
Dungeon (2/15)

Altars:


Innate Abilities, Weirdness & Mutations

Your experience applies equally to all skills.
You have very sharp teeth.
Your uncanny sense of smell can sniff out nearby items.
You are agile. (Dex +2)
Your mind is acute. (Int +2)
Your flesh is heat resistant. (rF+)
You do not regenerate when monsters are visible.


Message History

You feel sick.
You feel sick.
You are no longer poisoned.
An adder comes into view.
You can't see any susceptible monsters within range! (Use Z to cast anyway.) Unknown command.
Aim: an adder (wandering, hasn't noticed you)
The sting misses the adder.
The adder hisses angrily.
Aim: an adder The sting hits the adder.
The adder is poisoned.
The adder misses you.
Aim: an adder (poisoned)
The sting hits the adder.
The adder looks even sicker.
The adder closely misses you.
Aim: an adder (severely wounded, very poisoned)
The sting misses the adder.
The adder closely misses you.
You barely miss the adder. The adder bites you.
You are poisoned.
The adder poisons you! The adder bites you.
* * * LOW HITPOINT WARNING * * *
You are lethally poisoned!
The adder poisons you!
Unknown command.
Aim: an adder (almost dead, very poisoned)
The sting misses the adder.
* * * LOW HITPOINT WARNING * * *
You feel sick. The adder barely misses you.
Okay, then.
You are too injured to fight recklessly!
You closely miss the adder.
* * * LOW HITPOINT WARNING * * *
You feel sick.
You kill the adder!
It was a potion of brilliance.
You feel clever all of a sudden.
* * * LOW HITPOINT WARNING * * *
You feel sick.
It was a potion of mutation.
You feel extremely strange.
Your regeneration stops near monsters.
You feel jittery.
* * * LOW HITPOINT WARNING * * *
You feel sick.
Really quaff
h - a potion of mutation {!q}?
Really quaff the potion of mutation?
You feel extremely strange.
You no longer feel jittery.
You feel resistant to heat.
You feel agile.
You feel clever.
* * * LOW HITPOINT WARNING * * *
You feel sick.
Sorry, you're not good enough to have a special ability.
Sorry, you're not good enough to have a special ability.

#####.# #...
#.....#
.....## ##...
#.#...###
......####...#
##........+
......+.......
#.†....####
......####...#
#.#.#.##
.....# #.(..
#...### ....#
#.#.# ##.##
########†..#
#.#.# #.#
#....@.†..#
#.#.# #.#
#.#######.#
#.#..
#.####.######
# ##.
#.............
.
######.#######
#.# #.# #.#
#.#


There were no monsters in sight!

Vanquished Creatures
  A gnoll (D:1)
  2 adders (D:2)
  A leopard gecko (D:2)
  2 goblins
  2 hobgoblins (D:1)
  4 jackals (D:2)
  4 bats
  2 frilled lizards
  2 kobolds (D:1)
  2 rats
22 creatures vanquished.

Notes
Turn   | Place    | Note
-------+----------+-------------------------------------------
     0 | D:1      | Apogee the Gnoll Venom Mage began the quest for the Orb.
     0 | D:1      | Reached XP level 1. HP: 13/13 MP: 6/6
   333 | D:1      | Reached XP level 2. HP: 20/20 MP: 4/7
  1013 | D:2      | Reached XP level 3. HP: 21/25 MP: 5/9
  1018 | D:2      | Reached skill level 5 in Spellcasting
  1223 | D:2      | Reached skill level 1 in Invocations
  1254 | D:2      | Gained mutation: You do not regenerate when monsters are
                  | visible. [potion of mutation]
  1254 | D:2      | Gained mutation: You can translocate small distances at
                  | will. [potion of mutation]
  1255 | D:2      | Lost mutation: You can translocate small distances at will.
                  | [potion of mutation]
  1255 | D:2      | Gained mutation: Your flesh is heat resistant. (rF+)
                  | [potion of mutation]
  1255 | D:2      | Gained mutation: You are agile. (Dex +2) [potion of
                  | mutation]
  1255 | D:2      | Gained mutation: Your mind is acute. (Int +2) [potion of
                  | mutation]
  1256 | D:2      | Quit the game

Illustrated notes

Levels and vault maps discovered:
D:1:      lemuel_arrival_muddy, layout_basic, chequers_mini_garden,
          roderic_serpentine_path
D:2:      layout_loops_corners

Skill      XL: |  1  2  3 |
---------------+----------+-----
Transmutations | 2 |  2.1
Spellcasting   | 5 |  5.0
Invocations    | 1 |  1.0
Fighting       | |  0.9
Short Blades   | |  0.9
Long Blades    | |  0.9
Axes           | |  0.9
Maces & Flails | |  0.9
Polearms       | |  0.9
Staves         | |  0.9
Slings         | |  0.9
Bows           | |  0.9
Crossbows      | |  0.9
Throwing       | |  0.9
Armour         | |  0.9
Dodging        | |  4.5
Stealth        | |  4.2
Shields        | |  0.9
Unarmed Combat | |  0.9
Conjurations   | |  0.6
Hexes          | |  0.6
Summonings     | |  0.6
Necromancy     | |  0.6
Translocations | |  0.6
Fire Magic     | |  0.6
Ice Magic      | |  0.6
Air Magic      | |  0.6
Earth Magic    | |  0.6
Poison Magic   | |  5.4
Evocations     | |  0.9

Action                   || total
-------------------------++-------
Melee: Dagger            ||    13
 Cast: Sting             ||    41
  Use: Potion            ||     3
Armor: Robe              ||     3
Dodge: Dodged            ||    17

Table legend: (Time is in decaauts)
 A = Elapsed time spent in this place.
 B = Non-inter-level travel time spent in this place.
 C = Inter-level travel time spent in this place.
 D = Time resting spent in this place.
 E = Time spent auto-exploring this place.
 F = Levels seen in this place.
 G = Mean time per level.
                   A        B        C        D        E       F      G
               +--------+--------+--------+--------+--------+-----+--------+
         Total |   1255 |   1218 |     37 |    109 |    946 |   2 |  627.5 |
       Dungeon |   1255 |   1218 |     37 |    109 |    946 |   2 |  627.5 |
               +--------+--------+--------+--------+--------+-----+--------+

Top non-repeatable levels by time:
     D:1: 839 daAuts
     D:2: 415 daAuts
